 Dungeon Crawl Stone Soup version 0.29-a0-275-g389c0b56f3 (webtiles) character file.

Game seed: 1337580987127484848

356 HotDog the Covered (level 6, -9/39 HPs)
             Began as a Gargoyle Fighter on Mar 10, 2022.
             Killed by an exploding kobold (12 damage)
             ... ignited by their inner flame
             ... on level 4 of the Dungeon.
             The game lasted 00:02:27 (2695 turns).

HotDog the Covered (Gargoyle Fighter)               Turns: 2695, Time: 00:02:28

Health: -9/39      AC: 14    Str: 21    XL:     6   Next: 63%
Magic:  7/7        EV:  9    Int:  9    God:
Gold:   184        SH:  4    Dex:  9    Spells: 5/5 levels left

rFire   + . .      SeeInvis .   m - +3 whip (venom)
rCold   + . .      Faith    .   c - +0 buckler
rNeg    + . .      Spirit   .   b - +0 scale mail
rPois   ∞          Reflect  .   (no helmet)
rElec   +          Harm     .   (no cloak)
rCorr   +          Rampage  .   (no gloves)
Will    .....                   e - +0 pair of boots
Stlth   ..........              h - amulet of the acrobat
HPRegen 0.13/turn               (no ring)
MPRegen 0.10/turn               (no ring)

@: resistant
A: sickness immunity, AC +4, negative energy resistance 1, electricity
resistance, torment resistance 1, petrification resistance, claws 1, iridescent
scales 1
a: no special abilities


You were on level 4 of the Dungeon.
You visited 1 branch of the dungeon, and saw 4 of its levels.

You collected 184 gold pieces.

Inventory:

Hand Weapons
 a - a +0 flail
 m - a +3 whip of venom (weapon)
Armour
 b - a +0 scale mail (worn)
 c - a +0 buckler (worn)
 e - a +0 pair of boots (worn)
Jewellery
 h - an amulet of the acrobat (around neck)
 i - a +6 ring of intelligence
 o - a +4 ring of slaying
Wands
 n - a wand of charming (8)
Scrolls
 d - 2 scrolls of identify
 f - a scroll of vulnerability
 k - a scroll of immolation
Potions
 p - 2 potions of curing


   Skills:
 * Level 4.5 Fighting
 * Level 3.9 Maces & Flails
 * Level 4.6 Armour
 * Level 1.2 Dodging
 * Level 4.2 Shields
 * Level 2.0 Invocations


You had 5 spell levels left.
You didn't know any spells.
Your spell library was empty.

Dungeon Overview and Level Annotations

Branches:
Dungeon (4/15)
 Temple: D:4-7

Altars:


Innate Abilities, Weirdness & Mutations

You are immune to sickness and miasma.
Your stone body is resilient. (AC +4)
You are immune to poison.
You resist negative energy. (rN+)
You are resistant to electric shocks. (rElec)
You are resistant to unholy torment.
You are immune to petrification.
You have sharp fingernails.
You are partially covered in iridescent scales. (AC +2)


Message History

Your +2 whip of venom glows red for a moment.
The orc wizard mumbles some strange words.
The orc wizard flickers and vanishes!
Deactivating autopickup; reactivate with Ctrl-A.
As you read the scroll labelled JODDES JIMY, it crumbles to dust.
The creatures around you are filled with an inner flame!
It was a scroll of immolation.
A gnoll comes into view. It is wielding a +0 whip.
The ball python barely misses you. x2
It was a potion of resistance.
You feel protected. The ball python barely misses you. x2
It was a potion of mutation.
You feel extremely strange.
Iridescent scales grow over part of your body.
Your fingernails lengthen.
The ball python bites you. The ball python barely misses you.
A gnoll comes into view. It is wielding a +0 spear.
The orc closely misses you. The ball python closely misses you.
The ball python completely misses you.
You feel better. The kobold hits you but does no damage.
The orc hits you but does no damage.
You hear some strange, mumbled words.
A puff of flame appears from out of thin air!
The puff of flame misses you.
The orc hits you from afar with a +0 trident.
The ball python bites you but does no damage.
The ball python barely misses you.
You hit the orc.
Flame seeps out of the orc.
The orc is moderately wounded.
A gnoll comes into view. It is wielding a +0 halberd.
You block the kobold's attack. Something hits you but does no damage.
The orc is engulfed in blazing flames.
The orc explodes!
The fiery explosion engulfs the kobold!!
The fiery explosion engulfs you! You resist.
* * * LOW HITPOINT WARNING * * *
The kobold explodes!
The fiery explosion engulfs the orc wizard!!
The fiery explosion engulfs you! You resist.
You die...

......g...#
..........#
....g.....#
.......... #
#....g...##.#
......oo....#
.....§{S..#
......§@).#
.....§○§..#
......§§..#
#........##
##......##
########


You could see 3 gnolls, 2 orcs and a ball python (inner flame).

Vanquished Creatures
  Sigmund (D:2)
  A hound (D:2)
  Natasha (thrice) (D:2)
  An orc wizard (D:4)
  3 gnolls (D:2)
  3 adders
  A worm (D:3)
  A dart slug (D:2)
  2 orcs
  3 endoplasms
  A giant cockroach (D:1)
  6 goblins
  3 hobgoblins
  3 quokkas (D:2)
  4 ball pythons
  2 bats
  A frilled lizard (D:2)
  6 kobolds
  2 rats (D:1)
47 creatures vanquished.

Notes
Turn   | Place    | Note
-------+----------+-------------------------------------------
     0 | D:1      | HotDog the Gargoyle Fighter began the quest for the Orb.
     0 | D:1      | Reached XP level 1. HP: 14/14 MP: 1/1
   408 | D:1      | Reached XP level 2. HP: 19/19 MP: 2/2
   606 | D:1      | Found a faded altar of an unknown god.
   733 | D:2      | Noticed Sigmund
   745 | D:2      | Killed Sigmund
   746 | D:2      | Reached skill level 1 in Invocations
   746 | D:2      | Reached XP level 3. HP: 6/24 MP: 2/4
   746 | D:2      | Reached XP level 4. HP: 8/29 MP: 2/5
   746 | D:2      | Reached XP level 5. HP: 9/33 MP: 2/6
   991 | D:2      | Reached skill level 1 in Dodging
  1269 | D:2      | Noticed Natasha
  1274 | D:2      | Killed Natasha
  1275 | D:2      | Reached XP level 6. HP: 39/39 MP: 7/7
  1429 | D:2      | Noticed Natasha
  1445 | D:2      | Killed Natasha
  2073 | D:2      | Noticed Natasha
  2081 | D:2      | Killed Natasha
  2693 | D:4      | Gained mutation: You are partially covered in iridescent
                  | scales. (AC +2) [potion of mutation]
  2693 | D:4      | Gained mutation: You have sharp fingernails. [potion of
                  | mutation]
  2695 | D:4      | Killed by an exploding kobold... ignited by their inner
                  | flame

Illustrated notes

Levels and vault maps discovered:
D:1:      lemuel_arrival_behind_the_door_small, layout_rooms,
          shapermc_ecumenical_altar_mp_vishouse
D:2:      layout_basic, uniq_natasha, uniq_sigmund
D:3:      layout_basic
D:4:      layout_rooms, brannock_xom_greatest_gift, minmay_bent

Skill      XL: |  1  2  3  4  5  6 |
---------------+-------------------+-----
Fighting       | 4 |  4.5
Maces & Flails | 3 |  3.9
Armour         | 4 |  4.6
Invocations    | 1 2 |  2.0
Dodging        | 1 |  1.2
Shields        | 4 |  4.2

Action                   |  1- 3 |  4- 6 || total
-------------------------+-------+-------++-------
Melee: Flail             |    34 |    81 ||   115
       Whip              |       |    40 ||    40
  Use: Potion            |     3 |     3 ||     6
       Scroll            |       |     3 ||     3
Armor: Scale mail        |    14 |    81 ||    95
Dodge: Dodged            |    12 |    96 ||   108
Block: Buckler           |     4 |    32 ||    36

Table legend: (Time is in decaauts)
 A = Elapsed time spent in this place.
 B = Non-inter-level travel time spent in this place.
 C = Inter-level travel time spent in this place.
 D = Time resting spent in this place.
 E = Time spent auto-exploring this place.
 F = Levels seen in this place.
 G = Mean time per level.
                   A        B        C        D        E       F      G
               +--------+--------+--------+--------+--------+-----+--------+
         Total |   2732 |   2673 |     59 |    373 |   1881 |   4 |  683.0 |
       Dungeon |   2732 |   2673 |     59 |    373 |   1881 |   4 |  683.0 |
               +--------+--------+--------+--------+--------+-----+--------+

Top non-repeatable levels by time:
     D:2: 1325 daAuts
     D:3: 736 daAuts
     D:1: 663 daAuts
     D:4: 7 daAuts
